 Dungeon Crawl Stone Soup version 0.17-a0-1939-ga475588 (webtiles) character file.

1216 mcbry74 the Slinger (level 8, -6/50 HPs)
             Began as a Halfling Hunter on Sept 29, 2015.
             Shot with an arrow by a centaur (9 damage)
             ... on level 5 of the Dungeon.
             The game lasted 00:36:02 (6119 turns).

mcbry74 the Slinger (Halfling Hunter)               Turns: 6119, Time: 00:36:03

Health: -6/50      AC:  4    Str: 12    XL:     8   Next: 75%
Magic:  8/8        EV: 14    Int: 15    God:
Gold:   250        SH:  5    Dex: 16    Spells: 0 memorised, 7 levels left

rFire  . . .     SeeInvis +     B - +2 dagger (holy)
rCold  . . .     Clarity  .     d - +0 leather armour
rNeg   . . .     SustAt   .     p - +0 buckler
rPois  .         Gourm    .     e - +0 helmet
rElec  .         Spirit   .     (no cloak)
rCorr  .         Warding  .     (no gloves)
rMut   .         Stasis   .     (no boots)
MR     .....                    (no amulet)
Stlth  ++........               v - +4 ring of intelligence
                                f - ring of see invisible

@: not resistant to hostile enchantments, unstealthy
A: mutation resistance 1
a: no special abilities


You were on level 5 of the Dungeon.
You were not hungry.

You visited 1 branch of the dungeon, and saw 5 of its levels.

You collected 250 gold pieces.

Inventory:

Hand weapons
 a - a +1 hunting sling
 b - a +0 short sword of venom
 c - a +0 short sword
 h - a +2 short sword of venom
 B - a +2 dagger of holy wrath (weapon)
Missiles
 n - 174 stones (quivered)
 t - 13 sling bullets
Armour
 d - a +0 leather armour (worn)
 e - a +0 helmet (worn)
 p - a +0 buckler (worn)
Jewellery
 f - a ring of see invisible (left hand)
 v - a +4 ring of intelligence (right hand)
Magical devices
 l - a wand of paralysis (10)
 u - a wand of magic darts (13)
 y - a wand of invisibility (3)
 z - a wand of cold (3)
Scrolls
 g - a scroll of remove curse
 i - 3 scrolls of fear {unknown}
 j - 4 scrolls of teleportation
 k - a scroll of enchant weapon {unknown}
 o - 2 scrolls of enchant armour {unknown}
Potions
 m - a potion of mutation
 q - a potion of cancellation
 A - 2 potions of magic {unknown}
Books
 s - a book of Summonings

   Spells                             Type                      Level
   a - Recall                         Summoning/Translocation      3
   b - Aura of Abjuration             Summoning                    5
   c - Shadow Creatures               Summoning                    5
   d - Summon Demon                   Summoning                    5
   e - Summon Forest                  Summoning/Translocation      5
   f - Summon Mana Viper              Hexes/Summoning              5
Comestibles
 r - 2 meat rations
 w - 2 beef jerkies
 x - a bread ration


   Skills:
 + Level 2.1 Fighting
 + Level 1.1 Short Blades
 + Level 13.3 Slings
 + Level 0.3(8.0) Throwing
 + Level 2.1 Armour
 + Level 3.1 Dodging
 + Level 1.6 Stealth
 + Level 1.3 Shields
 * Level 1.0 Evocations


You had 7 spell levels left.
You didn't know any spells.

Dungeon Overview and Level Annotations

Branches:
Dungeon (5/15)             Temple (0/1) D:5

Altars:
Ashenzari
Kikubaaqudgha
Vehumet

Shops:
D:5 *


Innate Abilities, Weirdness & Mutations

You are small and have problems with some larger weapons.
You are somewhat resistant to further mutation.


Message History

The arrow burns you.
* * * LOW HITPOINT WARNING * * *
You see here an arrow.
Throwing (i - inventory):
n - 176 stones (quivered)
Press: ? - help, Shift-Dir - straight line, f/p - centaur
Aim: a centaur, wielding a shortbow of flaming (lightly wounded)
You throw a stone. The stone hits the centaur.
The centaur is moderately wounded.
The centaur shoots an arrow.
The arrow hits you.
* * * LOW HITPOINT WARNING * * *
The arrow burns you.
* * * LOW HITPOINT WARNING * * *
Throwing (i - inventory):
n - 175 stones (quivered)
Press: ? - help, Shift-Dir - straight line, f/p - centaur
Aim: a centaur, wielding a shortbow of flaming (moderately wounded)
You throw a stone.
The stone hits the centaur but does no damage.
The centaur is moderately wounded.
The centaur shoots an arrow.
The arrow hits you!
You die...

#.# #.#...#.. #.#
#.#.>.#.# #.#
#.#...#.. #.#######
#.######. #.......#
#..#.#.#. #######.#
#..#.#.#. #######
#..#.#.#.
##.....###..#.#.#.
##@......##..#.#.#.
#(...<....#..#.#.##
#.8.....8..........
##.........####....#
#....8.8.........<.#
#..........#####...#
#..8...c(8..........
#.....>....#####...#
#.#.......## #...#


You could see a centaur.

Vanquished Creatures
  Menkaure (D:4)
  A sky beast (D:3)
  Duvessa (D:4)
  An ogre (D:4)
  Blork the orc (D:4)
  Dowan (D:4)
  A water moccasin zombie (D:5)
  3 hounds
  A giant frog zombie (D:5)
  An orc priest (D:5)
  4 orc wizards
  3 iguanas (D:5)
  Terence (D:2)
  A worker ant (D:5)
  4 gnolls
  6 adders
  A shadow imp (D:5)
  An ooze (D:4)
  An adder skeleton (D:4)
  6 worms
  A giant gecko (D:1)
  13 orcs
  2 ball pythons
  11 bats
  10 giant cockroaches
  10 hobgoblins
  3 jackals (D:2)
  A quokka (D:3)
  2 giant gecko skeletons
  6 giant newts
  5 goblins
  8 kobolds
  7 rats
119 creatures vanquished.

Notes
Turn   | Place    | Note
--------------------------------------------------------------
     0 | D:1      | mcbry74 the Halfling Hunter began the quest for the Orb.
     0 | D:1      | Reached XP level 1. HP: 14/14 MP: 1/1
    93 | D:1      | Reached skill level 6 in Slings
   305 | D:1      | Reached XP level 2. HP: 13/19 MP: 2/2
   660 | D:2      | Reached XP level 3. HP: 22/24 MP: 3/3
   682 | D:2      | Reached skill level 7 in Slings
   707 | D:2      | Noticed Terence
   735 | D:2      | Killed Terence
   779 | D:2      | Reached XP level 4. HP: 27/29 MP: 4/4
   928 | D:1      | Reached skill level 8 in Slings
  1830 | D:2      | Reached skill level 1 in Armour
  1830 | D:2      | Reached XP level 5. HP: 19/34 MP: 5/5
  2330 | D:3      | Reached skill level 9 in Slings
  2550 | D:3      | Found a radiant altar of Vehumet.
  2645 | D:3      | Reached XP level 6. HP: 39/39 MP: 6/6
  2708 | D:3      | Noticed a sky beast
  2754 | D:3      | Killed a sky beast
  2754 | D:3      | Reached skill level 10 in Slings
  3596 | D:5      | Entered Level 5 of the Dungeon
  3721 | D:4      | Noticed Menkaure
  3731 | D:4      | Killed Menkaure
  3731 | D:4      | Reached XP level 7. HP: 44/44 MP: 7/7
  3749 | D:4      | Found a shattered altar of Ashenzari.
  3759 | D:4      | Noticed Duvessa
  3759 | D:4      | Noticed Dowan
  3815 | D:4      | Killed Duvessa
  3815 | D:4      | Reached skill level 11 in Slings
  3822 | D:4      | Killed Dowan
  3822 | D:4      | Reached skill level 1 in Shields
  4112 | D:4      | Noticed Blork the orc
  4122 | D:4      | Killed Blork the orc
  4122 | D:4      | Reached skill level 12 in Slings
  4122 | D:4      | Reached XP level 8. HP: 50/50 MP: 8/8
  4507 | D:4      | Found an ancient bone altar of Kikubaaqudgha.
  5069 | D:5      | Found a staircase to the Ecumenical Temple.
  5167 | D:5      | Reached skill level 1 in Short Blades
  5340 | D:5      | Found Kecy's Assorted Antiques.
  5439 | D:5      | Reached skill level 13 in Slings
  5996 | D:5      | Reached skill level 1 in Evocations
  6119 | D:5      | Shot with an arrow by a centaur

Vault maps used:
D:1:      onia_arrival_mini_maze_b
D:2:      uniq_terence
D:3:      vehumet_altar_wand_db
D:4:      lemuel_coloured_pillars_altar, nicolae_ashenzari_panopticon,
          first_bread, uniq_duvessa, uniq_blork_the_orc, uniq_menkaure
D:5:      minmay_temple_entry_from_below_a, serial_shops, shop_statue,
          grunt_ministairs_10

Action                   |  1- 3 |  4- 6 |  7- 9 || total
-------------------------+-------+-------+-------++-------
Melee: Short sword       |       |    29 |    33 ||    62
       Dagger            |       |       |    10 ||    10
 Fire: Hunting sling     |    81 |   218 |   168 ||   467
Throw: Stone             |       |     1 |    36 ||    37
  Use: Scroll            |       |     7 |     2 ||     9
       Potion            |       |       |     3 ||     3
  Eat: Beef jerky        |       |     2 |       ||     2
       Chunk             |       |     4 |       ||     4
       Bread ration      |       |     1 |     1 ||     2
